 Dungeon Crawl Stone Soup version 0.32-a0-928-g1cae6b7ea0 (webtiles) character file.

Game seed: 15789775600601297144

157847 jasper the Slayer (level 17, -6/173 HPs)
             Began as a Mountain Dwarf Fighter on Apr 12, 2024.
             Was the Champion of Okawaru.
             Killed by the raging water
             ... invoked by a water nymph
              (8 damage)
             ... on level 2 of the Shoals.
             The game lasted 00:50:28 (28913 turns).

jasper the Slayer (Mountain Dwarf Fighter)         Turns: 28913, Time: 00:50:29

Health: -6/173     AC: 30    Str: 23    XL:     17   Next: 13%
Magic:  25/25      EV:  6    Int:  8    God:    Okawaru [******]
Gold:   1397       SH: 17    Dex:  9    Spells: 16/16 levels left

rFire   + . .        s - +2 eveningstar (flame)
rCold   + + .        R - +0 kite shield
rNeg    . . .        V - +1 plate armour {rF+}
rPois   +            j - +2 helmet
rElec   .            c - +2 cloak of the Invisible Tables {rPois rCorr Str-3 Stlth+}
rCorr   +            o - +0 pair of gloves
SInv    .            x - +2 pair of boots of Tuumniogg {rC+ Slay+2}
Will    ++...        C - amulet of reflection Stlth
                     K - ring of flight
HPRegen 0.48/turn    G - ring of protection from cold
MPRegen 0.19/turn

%: reflection
@: flying
A: runic magic, artefact enchanting, dopey 1, high MP 1, strong-willed 1,
mutation resistance 1
a: Renounce Religion, Heroism, Finesse, Duel


You were on level 2 of the Shoals.
You worshipped Okawaru.
Okawaru was exalted by your worship.
You visited 6 branches of the dungeon, and saw 28 of its levels.
You also visited: Volcano.

You collected 3624 gold pieces.
You spent 2227 gold pieces at shops.

Inventory:

Hand Weapons
 s - a +2 eveningstar of flaming (weapon)
Missiles
 g - 245 stones (quivered)
 h - 10 curare-tipped darts
 q - 4 throwing nets
 w - 38 poisoned darts
 A - 5 javelins
 P - 36 boomerangs
 U - 9 silver javelins
Armour
 a - a +1 cloak of fire resistance
 c - the +2 cloak of the Invisible Tables (worn) {rPois rCorr Str-3 Stlth+}
   (You bought it in a shop on level 2 of the Orcish Mines)

   Str-3:     It affects your strength (-3).
   rPois:     It protects you from poison.
   rCorr:     It protects you from acid and corrosion.
   Stlth+:    It makes you more stealthy.
 j - a +2 helmet (worn)
 o - a +0 pair of gloves (worn)
 x - the +2 pair of boots of Tuumniogg (worn) {rC+ Slay+2}
   (Okawaru gifted it to you on level 4 of the Lair of Beasts)

   Slay+2:    It affects your accuracy & damage with ranged weapons and melee
   (+2).
   rC+:       It protects you from cold.
 R - a +0 kite shield (worn)
 V - a +1 plate armour of fire resistance (worn)
Jewellery
 d - a ring of protection from cold
 p - a +4 ring of protection
 v - the amulet "Suramucs" {rF+ Regen+ Str+4 Dex-2 Slay+4}
   (You bought it in a shop on level 7 of the Dungeon)

   [amulet of regeneration]

   Str+4:     It affects your strength (+4).
   Dex-2:     It affects your dexterity (-2).
   Slay+4:    It affects your accuracy & damage with ranged weapons and melee
   (+4).
   rF+:       It protects you from fire.
   Regen+:    It increases your rate of health regeneration.
 C - an amulet of reflection (around neck)
 G - a ring of protection from cold (right hand)
 K - a ring of flight (left hand)
 O - a ring of positive energy
 W - a ring of resist corrosion
 Z - a +6 ring of dexterity
Wands
 e - a wand of warping (16)
 H - a wand of paralysis (9)
 S - a wand of polymorph (15)
 X - a wand of flame (40)
 Y - a wand of light (11)
Scrolls
 f - 6 scrolls of teleportation
 i - 5 scrolls of fog
 y - 4 scrolls of blinking
 I - 5 scrolls of revelation
 J - 4 scrolls of immolation
 L - 2 scrolls of poison
 M - 6 scrolls of identify
 Q - 2 scrolls of enchant armour
Potions
 k - 10 potions of haste
 l - 2 potions of ambrosia
 m - 4 potions of cancellation
 n - 19 potions of curing
 r - 2 potions of mutation
 t - 4 potions of magic
 z - 2 potions of heal wounds
 D - 6 potions of might
 E - a potion of berserk rage
 F - 4 potions of brilliance
 N - 5 potions of attraction
 T - 3 potions of lignification
Miscellaneous
 u - a condenser vane (inert)


   Skills:
 * Level 21.1 Fighting
 - Level 16.0 Maces & Flails
 - Level 15.0 Armour
 - Level 16.5 Shields
 - Level 8.0 Invocations
 - Level 5.0 Evocations


You had 16 spell levels left.
You didn't know any spells.
Your spell library contained the following spells:

 Spells                   Type           Power      Damage    Failure   Level
 Magic Dart               Conj           0%         1d3       71%         1
 Sandblast                Erth           0%         2d4       71%         1
 Slow                     Hex            0%         N/A       71%         1
 Ensorcelled Hibernation  Hex/Ice        0%         N/A       85%         2
 Lesser Beckoning         Tloc           0%         N/A       85%         2
 Searing Ray              Conj           0%         2d4       85%         2
 Confusing Touch          Hex            0%         N/A       97%         3
 Dazzling Flash           Conj/Hex       0%         N/A       97%         3
 Fugue of the Fallen      Necr           0%         N/A       97%         3
 Maxwell's Portable Pile  Tloc           0%         2d(5-13)  97%         3
 Passwall                 Erth           0%         N/A       97%         3
 Sigil of Binding         Hex            0%         N/A       97%         3
 Stone Arrow              Conj/Erth      0%         3d7       97%         3
 Teleport Other           Tloc           0%         N/A       97%         3
 Vampiric Draining        Necr           0%         2d6       97%         3
 Volatile Blastmotes      Fire/Tloc      0%         2d10      97%         3
 Anguish                  Hex/Necr       0%         N/A       100%        4
 Brom's Barrelling Bould  Conj/Erth      0%         2d3       100%        4
 Cause Fear               Hex            0%         N/A       100%        4
 Fulminant Prism          Conj/Alch      0%         3d5       100%        4
 Vhi's Electric Charge    Tloc/Air       0%         N/A       100%        4
 Arcjolt                  Conj/Air       0%         1d10      100%        5
 Bombard                  Conj/Erth      0%         9d1       100%        6
 Conjure Ball Lightning   Conj/Air       0%         3x3d6     100%        6
 Dispersal                Tloc           0%         N/A       100%        6
 Gell's Gavotte           Tloc           0%         2d(11-16) 100%        6
 Starburst                Conj/Fire      0%         6d3       100%        6
 Enfeeble                 Hex            0%         N/A       100%        7
 Manifold Assault         Tloc           0%         N/A       100%        7
 Discord                  Hex            0%         N/A       100%        8
 Disjunction              Tloc           0%         N/A       100%        8
 Maxwell's Capacitive Co  Air            0%         ∞         100%        8
 Death Channel            Necr           Unusable   N/A       N/A         6
 Sculpt Simulacrum        Ice/Alch       Unusable   N/A       N/A         6

Dungeon Overview and Level Annotations

Branches:
Dungeon (15/15)            Temple (1/1) D:6            Lair (5/5) D:8
 Shoals (2/4) Lair:2       Spider (3/4) Lair:2        Slime (0/5) Lair:5
    Orc (2/2) D:9             Elf (0/3) Orc:2        Vaults (0/5) D:14
 Depths (0/4) D:15        Volcano (visited)

Altars:
Ashenzari
Cheibriados
Dithmenos
Elyvilon
Fedhas
Gozag
Hepliaklqana
Kikubaaqudgha
Makhleb
Nemelex Xobeh
Okawaru
Qazlal
Ru
Sif Muna
Trog
Uskayaw
Vehumet
Wu Jian
Xom
Yredelemnul
Zin
The Shining One
Jiyva

Shops:
D:7 =   D:9 =   D:10 (   D:11 *   Orc:2 ??=[:

Portals:
Pandemonium: Orc:2

Annotations:
D:8 3 runed translucent doors, SlowGraham's ghost, journeyman MDAl
D:9 2 runed translucent doors
Lair:5 1 runed translucent door, inkslinger's ghost, journeyman DECj


Innate Abilities, Weirdness & Mutations

Your spellcasting is much less encumbered by armour.
You can use scrolls of enchantment on lesser artefacts.
You are dopey. (Int -2)
You have an increased reservoir of magic. (+10% MP)
You are strong-willed. (Will+)
You are somewhat resistant to further mutation.


Message History

You take 7 damage, and have 100/173 hp.
You puncture the water nymph! You burn the water nymph.
The water nymph is heavily wounded.
A water nymph comes into view.
The water nymph gestures at you while chanting.
The water rises up and strikes you!!
You take 19 damage, and have 81/173 hp.
The water nymph attacks as it pursues you!
You block the water nymph's attack. The water nymph casts a spell at you.
The water rises up and strikes you!!
* * * LOW HITPOINT WARNING * * *
The water nymph points at you and mumbles some strange words.
The water rises up and strikes you!
* * * LOW HITPOINT WARNING * * *
You take 42 damage, and have 39/173 hp.
MASSIVE DAMAGE!!
The water nymph gestures at you while chanting.
The water rises up and strikes you. The water nymph casts a spell at you.
The water rises up and strikes you!
* * * LOW HITPOINT WARNING * * *
You take 14 damage, and have 25/173 hp.
The water nymph's watery aura covers the stone staircase leading up.
As you read the scroll of fear, it crumbles to dust.
You assume a fearsome visage.
The water nymph looks frightened!
The water nymph resists with some effort.
The water nymph looks frightened!
The water nymph resists with almost no effort.
The water nymph looks frightened!
A skyshark comes into view.
A manticore comes into view.
The water nymph shouts, "No!
I'll never do that again!"
The water nymph flows with the water.
The water nymph flows with the water.
The water nymph gestures at you while chanting.
The water rises up and strikes you!!
* * * LOW HITPOINT WARNING * * *
The water nymph gestures at you while chanting.
The water rises up and strikes you!
You die...

≈~~~~~........m.~≈≈≈.≈
≈~~~~.......~~~~m≈≈≈.≈≈
≈~~~~~~...~.~~~.~≈....≈
≈~~~~≈~~..~~~~~~H≈!....
≈~~~~~~...~~~~~~.......
~~~~~~....~~~~~~....P..
≈~~~~~~.....~m~F...P..~
≈≈≈~~~~~~...~.m~...P..~
≈≈≈≈≈~~~~~..[.~@<.....~
≈≈≈≈≈≈~~~~~.....$....~~
≈≈≈≈≈≈≈~~~~..........~~
≈≈≈≈≈≈≈~~~~~......PP~P~
≈≈≈≈≈≈≈~~~~~~...~~~~~~~
≈≈≈≈~~~~.~~P~~~~~~
≈≈≈≈~~~P~PP~PPP~P
≈≈≈≈~~~P~≈≈P~~~~


You could see a skyshark, a manticore and 3 water nymphs.

Vanquished Creatures
  Nikola (Spider:3)
  Arachne (Spider:1)
  Mlioglotl (Spider:1)
  Asterion (Spider:1)
  Frances (Shoals:1)
  Gastronok (Lair:1)
  Kirke (D:15)
  Agnes (Spider:3)
  An emperor scorpion (Spider:1)
  A broodmother (Spider:3)
  A dire elephant (D:15)
  Azrael (D:15)
  An entropy weaver (Spider:3)
  A merfolk impaler (Shoals:1)
  An entropy weaver (shapeshifter) (D:9)
  Harold (D:11)
  5 vault guards (D:14)
  5 centaur warriors
  A catoblepas (Lair:1)
  2 demonspawn (Orc:2)
  An ogre mage (D:14)
  5 hydras
  A merfolk avatar (Shoals:1)
  2 death knights
  2 radroaches (Spider:3)
  4 two-headed ogres
  2 boulder beetles
  A tengu warrior (D:14)
  17 death yaks (Lair:3)
  6 demonic crawlers
  6 orc high priests (Orc:2)
  4 deep elf knights (D:13)
  Sonja (Lair:2)
  A hell knight (Volcano)
  4 skysharks
  A salamander mystic (Volcano)
  4 pharaoh ants
  2 deep elf archers (D:13)
  6 skeletal warriors
  3 arcanists
  A sun moth (Spider:1)
  An orb spider (shapeshifter) (D:13)
  A sea snake (Shoals:1)
  A death drake (shapeshifter) (D:13)
  6 orb spiders
  2 lindwurms (Lair:5)
  An obsidian bat (Orc:2)
  A thermic dynamo (D:13)
  4 harpies (Shoals:1)
  A deep elf pyromancer (D:15)
  3 deep elf zephyrmancers (D:13)
  6 steelbarb worms
  2 necromancers
  6 orc knights
  4 ugly things (D:15)
  8 wolf spiders
  6 orc sorcerers (Orc:2)
  4 salamanders (Volcano)
  3 cyclopes
  10 elephants
  3 manticores
  A kobold blastminer (Orc:1)
  6 meliai
  5 black mambas
  A rust devil (Orc:2)
  A water nymph (D:15)
  A merfolk siren (Lair:2)
  A cane toad (shapeshifter) (D:14)
  6 gargoyles
  3 torpor snails
  7 cane toads
  2 molten gargoyles (Volcano)
  10 komodo dragons
  Jeremiah (D:9)
  4 kobold demonologists
  An unseen horror (shapeshifter) (D:15)
  2 freezing wraiths
  5 merfolk (Shoals:1)
  4 tengu conjurers
  3 yaktaurs (D:14)
  A red devil (Orc:2)
  8 trolls
  8 tarantellas
  A hellwing (Orc:2)
  The ghost of MadMike78 the Ruffian, an amateur DrSh (D:7)
  A wind drake (Shoals:2)
  6 polar bears
  24 blink frogs
  10 jumping spiders
  6 hornets
  8 dream sheep
  A snapping turtle (Shoals:1)
  A glass eye (shapeshifter) (D:13)
  4 slime creatures (Lair:5)
  5 culicivoras
  Sigmund (D:2)
  2 wraiths
  3 wyverns
  3 water elementals (D:13)
  A vampire (D:11)
  14 spriggans (Lair:5)
  6 basilisks
  24 yaks
  7 hogs (D:15)
  8 fire elementals
  Grum (D:9)
  2 steam dragons (D:8)
  2 death yak simulacra (Lair:5)
  2 humans (D:14)
  8 vampire mosquitoes
  21 redbacks
  A warg (D:9)
  2 acid dragons
  2 hydra simulacra (Lair:5)
  A hell hound (D:15)
  16 water moccasins
  8 black bears
  3 ice beasts
  37 orc warriors
  5 boggarts
  3 ogres
  25 wolves
  7 centaurs
  2 phantoms
  6 kobold brigands
  9 bullfrogs
  3 scorpions
  5 gnoll sergeants
  17 wights
  2 elephant simulacra (Lair:5)
  13 killer bees
  An electric eel (Lair:5)
  A howler monkey (D:12)
  4 lava snakes
  A jelly (D:4)
  4 bombardier beetles
  11 hounds
  14 orc priests
  Crazy Yiuf (D:2)
  3 iguanas
  15 orc wizards
  A sleepcap (D:7)
  12 gnolls
  9 adders
  2 shadow imps
  A white imp (D:4)
  5 hell rat simulacra (Lair:5)
  2 ufetubi (D:7)
  3 ribbon worms
  2 dart slugs
  68 orcs
  A ball python (D:3)
  13 bats
  5 endoplasms
  4 giant cockroaches
  4 goblins
  7 hobgoblins
  6 jackals
  13 kobolds
  4 quokkas
  3 frilled lizards
  7 rats
824 creatures vanquished.

Vanquished Creatures (others)
  A wolf spider (Spider:3)
  2 tarantellas (Spider:3)
  2 jumping spiders (Spider:3)
  A water elemental (D:13)
  2 orcs (D:7)
8 creatures vanquished.

Grand Total: 832 creatures vanquished

Notes
Turn   | Place    | Note
-------+----------+-------------------------------------------
     0 | D:1      | jasper the Mountain Dwarf Fighter began the quest for the
                  | Orb.
     0 | D:1      | Reached XP level 1. HP: 19/19 MP: 1/1
   192 | D:1      | Reached XP level 2. HP: 26/26 MP: 2/2
   859 | D:2      | Reached XP level 3. HP: 30/31 MP: 3/3
  1017 | D:2      | Reached skill level 5 in Maces & Flails
  1110 | D:2      | Noticed Sigmund
  1117 | D:2      | Gained mutation: You are strong-willed. (Will+) [potion of
                  | mutation]
  1117 | D:2      | Gained mutation: You have an increased reservoir of magic.
                  | (+10% MP) [potion of mutation]
  1117 | D:2      | Gained mutation: You are somewhat resistant to further
                  | mutation. [potion of mutation]
  1297 | D:3      | Reached XP level 4. HP: 35/38 MP: 4/4
  2108 | D:4      | Reached XP level 5. HP: 18/45 MP: 5/5
  2288 | D:4      | Noticed an orc warrior
  2330 | D:5      | Entered Level 5 of the Dungeon
  2570 | D:5      | Reached XP level 6. HP: 51/51 MP: 6/6
  2674 | D:5      | Found a hazy altar of Hepliaklqana.
  2683 | D:5      | Found an ancient bone altar of Kikubaaqudgha.
  2721 | D:5      | Found a basalt altar of Yredelemnul.
  2748 | D:5      | Found a snail-covered altar of Cheibriados.
  2816 | D:5      | Noticed an ice beast
  2821 | D:5      | Killed an ice beast
  2887 | D:5      | Reached XP level 7. HP: 49/57 MP: 7/7
  3055 | D:5      | Reached skill level 10 in Maces & Flails
  4219 | D:6      | Found a staircase to the Ecumenical Temple.
  4230 | D:6      | Reached XP level 8. HP: 63/63 MP: 8/8
  4269 | Temple   | Entered the Ecumenical Temple
  4279 | Temple   | Became a worshipper of Warmaster Okawaru
  5028 | D:7      | Reached * piety under Okawaru
  5151 | D:7      | Noticed a troll
  5169 | D:7      | Killed a troll
  5172 | D:7      | Reached XP level 9. HP: 49/70 MP: 6/9
  5193 | D:7      | Reached skill level 1 in Invocations
  5193 | D:7      | Reached skill level 1 in Evocations
  5337 | D:7      | Found a runed translucent gate.
  5337 | D:7      | Found a runed translucent gate.
  5337 | D:7      | Found a runed translucent gate.
  5351 | D:7      | Noticed MadMike78's ghost (amateur DrSh)
  5555 | D:7      | Reached ** piety under Okawaru
  5576 | D:7      | Reached skill level 5 in Evocations
  5929 | D:7      | Found Segg's Jewellery Boutique.
  6156 | D:4      | Reached skill level 4 in Fighting
  6525 | D:2      | Found a runed translucent door.
  6526 | D:2      | Noticed Crazy Yiuf
  6655 | D:2      | Killed Sigmund
  7088 | D:2      | Killed Crazy Yiuf
  7277 | D:4      | Identified the +1 leather armour "Weuddarr" {Int+3 Stlth+}
  7727 | D:7      | Reached skill level 5 in Fighting
  7773 | D:7      | Killed MadMike78's ghost
  8110 | D:7      | Reached skill level 6 in Fighting
  8303 | D:8      | Reached XP level 10. HP: 81/83 MP: 12/12
  8471 | D:8      | Reached skill level 5 in Armour
  8471 | D:8      | Reached skill level 5 in Shields
  8560 | D:8      | Noticed an 11-headed hydra
  8561 | D:8      | Found a runed translucent gate.
  8561 | D:8      | Noticed SlowGraham's ghost (journeyman MDAl)
  8563 | D:8      | Found a runed translucent gate.
  8564 | D:8      | Found a runed translucent gate.
  8621 | D:8      | Noticed an elephant
  8646 | D:8      | Killed an elephant
  8656 | D:8      | Reached *** piety under Okawaru
  8657 | D:8      | Reached skill level 7 in Fighting
  8711 | D:8      | Found a staircase to the Lair.
  9793 | D:9      | Found a large runed translucent door.
  9793 | D:9      | Found a large runed translucent door.
  9798 | D:9      | Identified the +1 leather armour "Vokhla" {*Slow rC+++
                  | Slay+3 Stlth-}
  9800 | D:9      | Noticed Grum
  9811 | D:9      | Killed Grum
  9822 | D:9      | Reached skill level 8 in Fighting
  9830 | D:9      | Noticed a death knight
  9831 | D:9      | Noticed a centaur warrior
  9840 | D:9      | Found a large runed translucent door.
  9840 | D:9      | Found a large runed translucent door.
  9903 | D:9      | Reached **** piety under Okawaru
  9994 | D:9      | Reached skill level 9 in Fighting
 10047 | D:9      | Found Wiug's Jewellery Emporium.
 10047 | D:9      | Noticed Jeremiah
 10066 | D:9      | Found a staircase to the Orcish Mines.
 10093 | D:10     | Entered Level 10 of the Dungeon
 10093 | D:10     | Found Dasor's Weapon Shoppe.
 10152 | D:10     | Identified a scroll of acquirement
 10152 | D:10     | Acquired a +3 morningstar of protection
 10319 | D:10     | Reached ***** piety under Okawaru
 10320 | D:10     | Reached XP level 11. HP: 61/97 MP: 10/13
 10373 | D:10     | You fall into a shaft and drop 1 floor!
 10449 | D:11     | Noticed a boulder beetle
 10461 | D:11     | Killed a boulder beetle
 10461 | D:11     | Received a gift from Okawaru
 10462 | D:11     | Reached skill level 15 in Maces & Flails
 10620 | D:11     | Noticed Harold
 10627 | D:11     | Noticed a two-headed ogre
 10629 | D:11     | Killed Harold
 10640 | D:11     | Killed a two-headed ogre
 10820 | D:11     | Found Jius's Assorted Antiques.
 10850 | D:11     | Bought a potion of curing for 96 gold pieces
 11055 | D:11     | Reached skill level 5 in Invocations
 11563 | D:9      | Killed Jeremiah
 11594 | D:9      | Received a gift from Okawaru
 11952 | D:9      | Noticed an entropy weaver
 11962 | D:9      | Killed an entropy weaver
 11970 | D:9      | Reached skill level 10 in Fighting
 11970 | D:9      | Reached XP level 12. HP: 78/106 MP: 17/19
 12143 | D:9      | Killed a death knight
 12163 | D:9      | Killed a centaur warrior
 12163 | D:9      | Received a gift from Okawaru
 12219 | Lair:1   | Entered Level 1 of the Lair of Beasts
 12363 | Lair:1   | Noticed a catoblepas
 12387 | Lair:1   | Killed a catoblepas
 12432 | Lair:1   | Reached skill level 11 in Fighting
 12675 | Lair:1   | Noticed Gastronok
 12693 | Lair:1   | Killed Gastronok
 12693 | Lair:1   | Received a gift from Okawaru
 13056 | Lair:2   | Reached skill level 12 in Fighting
 13077 | Lair:2   | Found a hole to the Spider Nest.
 13083 | Lair:2   | Found a dark tunnel.
 13090 | Volcano  | Entered a volcano
 13176 | Volcano  | Found a burning altar of Makhleb.
 13389 | Volcano  | Received a gift from Okawaru
 13531 | Lair:2   | Reached XP level 13. HP: 119/119 MP: 20/20
 13705 | Lair:2   | Reached skill level 13 in Fighting
 13997 | Lair:2   | Noticed Sonja
 13999 | Lair:2   | Killed Sonja
 14107 | Lair:2   | Found a staircase to the Shoals.
 14358 | D:7      | Bought the amulet "Suramucs" {rF+ Regen+ Str+4 Dex-2
                  | Slay+4} for 845 gold pieces
 14522 | Lair:3   | Received a gift from Okawaru
 14523 | Lair:3   | Reached skill level 10 in Armour
 14523 | Lair:3   | Reached skill level 10 in Shields
 14582 | Lair:3   | Reached skill level 14 in Fighting
 14951 | Lair:3   | Received a gift from Okawaru
 15592 | Lair:4   | Reached skill level 15 in Fighting
 15658 | Lair:4   | Received a gift from Okawaru
 15659 | Lair:4   | Reached XP level 14. HP: 135/135 MP: 22/22
 15776 | Lair:4   | Reached ****** piety under Okawaru
 15844 | Lair:4   | Acquired a +0 heavy eveningstar
 15844 | Lair:4   | Received a gift from Okawaru
 15877 | Lair:4   | Acquired the +1 pair of boots of Tuumniogg {rC+ Slay+2}
 15877 | Lair:4   | Received a gift from Okawaru
 16398 | Lair:5   | Entered Level 5 of the Lair of Beasts
 16619 | Lair:5   | Received a gift from Okawaru
 16954 | Lair:5   | Found a runed translucent door.
 16967 | Lair:5   | Noticed inkslinger's ghost (journeyman DECj)
 16968 | Lair:5   | Identified the +6 trident of Liurhiq {freeze, rF+}
 17059 | Lair:5   | Received a gift from Okawaru
 17200 | Lair:5   | Found a staircase to the Slime Pits.
 17200 | Lair:5   | Found a viscous altar of Jiyva.
 17819 | Orc:1    | Entered Level 1 of the Orcish Mines
 17823 | Orc:1    | Reached skill level 15 in Shields
 18021 | Orc:2    | Entered Level 2 of the Orcish Mines
 18085 | Orc:2    | Found Qadduys's Jewellery Shop.
 18154 | Orc:2    | Received a gift from Okawaru
 18359 | Orc:2    | Found a staircase to the Elven Halls.
 18399 | Orc:2    | Gained mutation: You are dopey. (Int -2) [a neqoxec]
 19186 | Orc:2    | Found Xiof's Magic Scroll Emporium.
 19190 | Orc:2    | Found Huown's Magic Scroll Shoppe.
 19210 | Orc:2    | Bought a scroll of fog for 64 gold pieces
 19210 | Orc:2    | Bought a scroll of blinking for 120 gold pieces
 19210 | Orc:2    | Bought a scroll of enchant armour for 120 gold pieces
 19212 | Orc:2    | Bought a scroll of revelation for 120 gold pieces
 19212 | Orc:2    | Bought a scroll of revelation for 120 gold pieces
 19212 | Orc:2    | Bought a scroll of enchant armour for 120 gold pieces
 19212 | Orc:2    | Bought a scroll of fog for 64 gold pieces
 19212 | Orc:2    | Bought a scroll of immolation for 64 gold pieces
 19245 | Orc:2    | Reached XP level 15. HP: 141/141 MP: 23/23
 19256 | Orc:2    | Received a gift from Okawaru
 19344 | Orc:2    | Found Ofyix's Antique Armour Shop.
 19344 | Orc:2    | Found a one-way gate leading to the halls of Pandemonium.
 19344 | Orc:2    | Found Syung's Book Boutique.
 19356 | Orc:2    | Bought a translucent cloak for 247 gold pieces
 19356 | Orc:2    | Identified the +0 cloak of the Invisible Tables {rPois
                  | rCorr Str-3 Stlth+} (You bought it in a shop on level 2 of
                  | the Orcish Mines)
 19372 | Orc:2    | Bought a faintly humming chain mail for 247 gold pieces
 19372 | Orc:2    | Identified the +2 chain mail of Irchean {Dex+3} (You bought
                  | it in a shop on level 2 of the Orcish Mines)
 19767 | D:12     | Reached skill level 16 in Fighting
 19772 | D:12     | Received a gift from Okawaru
 20172 | D:12     | Found a glowing silver altar of Zin.
 21088 | D:13     | Reached skill level 17 in Fighting
 22004 | D:14     | Received a gift from Okawaru
 22045 | D:14     | HP: 2/148 [vault guard/+0 long sword (12)]
 22261 | D:14     | Found a gate to the Vaults.
 22542 | D:14     | Reached skill level 18 in Fighting
 22654 | D:15     | Entered Level 15 of the Dungeon
 22685 | D:15     | Reached XP level 16. HP: 157/157 MP: 24/24
 22733 | D:15     | Identified the staff "Uvysiul" {Fly rElec rF++ Str-4 Air}
 23057 | D:15     | Noticed Kirke
 23079 | D:15     | Killed Kirke
 23128 | D:15     | Noticed Azrael
 23161 | D:15     | Killed Azrael
 23173 | D:15     | Received a gift from Okawaru
 23337 | D:15     | Found a staircase to the Depths.
 23831 | Spider:1 | Entered Level 1 of the Spider Nest
 23841 | Spider:1 | Noticed Asterion
 23849 | Spider:1 | Noticed an Executioner
 23986 | Spider:1 | Killed Asterion
 24135 | Spider:1 | Noticed Mlioglotl
 24145 | Spider:1 | Killed Mlioglotl
 24319 | Spider:1 | Reached skill level 19 in Fighting
 25350 | Spider:2 | Noticed Arachne
 25368 | Spider:1 | Killed Arachne
 25512 | Spider:2 | Received a gift from Okawaru
 26276 | Spider:3 | Reached skill level 20 in Fighting
 26428 | Spider:3 | Noticed Agnes
 26438 | Spider:3 | Killed Agnes
 26484 | Spider:3 | Received a gift from Okawaru
 26564 | Spider:3 | Noticed Nikola
 26610 | Spider:3 | Killed Nikola
 26611 | Spider:3 | Reached skill level 15 in Armour
 27332 | Shoals:1 | Entered Level 1 of the Shoals
 27395 | Shoals:1 | Reached XP level 17. HP: 168/172 MP: 25/25
 28386 | Shoals:1 | Received a gift from Okawaru
 28472 | Shoals:1 | Noticed Frances
 28485 | Shoals:1 | Killed Frances
 28486 | Shoals:1 | Reached skill level 21 in Fighting
 28913 | Shoals:2 | HP: 2/173 [water nymph/the raging water (26)]
 28913 | Shoals:2 | Killed from afar by a water nymph

Illustrated notes

Levels and vault maps discovered:
D:1:      dreamdust_arrival_beginning_and_end, layout_basic
D:2:      layout_loops_ring, minmay_randomly_rotated_circles, uniq_sigmund,
          uniq_crazy_yiuf_cottage
D:3:      layout_basic, serial_aquarium, aquarium_bridge_straight
          [aquarium_subvault_bridge, aquarium_subvault_wall,
          aquarium_subvault_bridge, aquarium_subvault_window],
          aquarium_window_1, aquarium_window_1, aquarium_window_fake,
          aquarium_view_2c, aquarium_view_2d, aquarium_balcony_3a,
          feat_on_display
D:4:      layout_basic, minmay_liquid_box
D:5:      layout_basic, nicolae_overflow_quartered_altars,
          kennysheep_generic_room_9
D:6:      layout_cave_pools, temple_doors_e, roderic_batcave
D:7:      nzn_winding_woodlands_medium [nzn_winding_woodlands_5x5_three,
          nzn_winding_woodlands_5x15_zeroes,
          nzn_winding_woodlands_5x5_perimeter,
          nzn_winding_woodlands_5x5_default,
          nzn_winding_woodlands_center_diamonds,
          nzn_winding_woodlands_5x5_cross, nzn_winding_woodlands_hourglass,
          nzn_winding_woodlands_5x15_concentric,
          nzn_winding_woodlands_5x5_closed_star], layout_cave_pools,
          serial_shops, nicolae_shop_tiny_glass, gammafunk_ghost_split,
          nicolae_concentric_dashed_squares_wild
D:8:      layout_layer_cave, david_lair_generic, gammafunk_ghost_hydra_chop,
          mrwooster_statue_mirror
D:9:      layout_rooms, kennysheep_orc_monster_closet_entryway, serial_shops,
          shop, minmay_hollow_rounded_squares, uniq_jeremiah, uniq_grum
D:10:     layout_basic, serial_shops, shop
D:11:     layout_long_grid, serial_shops, shop, uniq_harold
D:12:     layout_roguey, zin_angel
D:13:     dpeg_index_elf_rogue_hall, layout_basic,
          serial_library_regret_index_headful
D:14:     layout_irregular_city, grunt_vaults_entry_fortified,
          small_statue_intersection
D:15:     hangedman_depths_entry_try_elsewhere_first, layout_small_grid,
          small_statue_intersection, nicolae_twisty_statue_hallways, uniq_kirke,
          uniq_azrael
Temple:   regret_index_temple_chain_breaker
Lair:1:   layout_concentric_octagons, uniq_gastronok
Lair:2:   layout_gridlike, mainiacjoe_shoals_entry_four_pools,
          nicolae_spider_entry_orb_guardian, nicolae_volcano_entry_two_sided,
          uniq_sonja
Lair:3:   layout_loops_ring, eino_small_chamber_without_monster
Lair:4:   layout_regular_city, minmay_holes
Lair:5:   minmay_lair_end_enchanted_forest, layout_gridlike,
          minmay_slime_entry_pillars, ebering_ghost_funeral_grove,
          eino_house_with_fridge
Shoals:1: layout_shoals, uniq_frances
Shoals:2: layout_shoals, nicolae_splish_splash, uniq_roxanne, uniq_jorgrun
Spider:1: layout_chambers, hive_lemuel, uniq_mlioglotl, uniq_asterion
Spider:2: layout_spider_delve, uniq_arachne
Spider:3: layout_spider_delve, drop_trap, nicolae_spider_orb_run, uniq_agnes,
          uniq_nikola
Orc:1:    layout_caves
Orc:2:    pf_orc_diabolical, layout_caves, serial_shops,
          nicolae_shop_gaudy_bauble, regret_index_minedec_shroomtown_chain

Skill      XL: |  1  2  3  4  5  6  7  8  9 10 11 12 13 14 15 16 17 |
---------------+----------------------------------------------------+-----
Maces & Flails | 3 4 5 6 7 9 11 14 16 | 16.0
Invocations    | 2 8 |  8.0
Evocations     | 5 |  5.0
Fighting       | 6 9 10 12 15 18 20 21 | 21.1
Armour         | 4 6 7 9 11 13 15 | 15.0
Shields        | 4 6 7 9 11 16 | 16.5

Action                     |  1- 3 |  4- 6 |  7- 9 | 10-12 | 13-15 | 16-18 || total
---------------------------+-------+-------+-------+-------+-------+-------++-------
  Melee: Flail             |   119 |    75 |   612 |   219 |       |       ||  1025
         Morningstar       |       |       |       |   500 |   344 |       ||   844
         Eveningstar       |       |       |       |       |   836 |   516 ||  1352
  Throw: Stone             |     2 |     4 |    12 |       |     6 |       ||    24
         Dart              |       |       |       |     2 |       |       ||     2
         Javelin           |       |       |       |     1 |       |       ||     1
 Invoke: Heroism           |       |       |     4 |     5 |       |       ||     9
         Finesse           |       |       |       |     3 |     3 |     2 ||     8
         Receive Weapon    |       |       |       |       |     1 |       ||     1
         Receive Armour    |       |       |       |       |     1 |       ||     1
  Evoke: Wand              |       |     4 |     9 |    16 |    13 |    15 ||    57
         Condenser vane    |       |       |     1 |     3 |     5 |     2 ||    11
    Use: Scroll            |     5 |       |     8 |     5 |    11 |     5 ||    34
         Potion            |     3 |     1 |     1 |     2 |     1 |     2 ||    10
   Stab: Invisible         |       |       |       |       |       |     1 ||     1
 Armour: Scale mail        |    79 |    51 |    89 |       |       |       ||   219
         Chain mail        |       |       |   374 |   276 |       |       ||   650
         Plate armour      |       |       |       |   326 |  1022 |   592 ||  1940
  Dodge: Dodged            |    61 |    26 |   191 |   155 |   237 |   120 ||   790
  Block: Buckler           |    22 |    15 |   165 |   120 |       |       ||   322
         Kite shield       |       |       |       |   123 |   708 |   401 ||  1232
         Reflection        |       |       |       |       |       |     1 ||     1

Table legend: (Time is in decaauts)
 A = Elapsed time spent in this place.
 B = Non-inter-level travel time spent in this place.
 C = Inter-level travel time spent in this place.
 D = Time resting spent in this place.
 E = Time spent auto-exploring this place.
 F = Levels seen in this place.
 G = Mean time per level.
                   A        B        C        D        E       F      G
               +--------+--------+--------+--------+--------+-----+--------+
         Total |  28474 |  26803 |   1671 |   2205 |  17084 |  29 |  981.9 |
       Dungeon |  16263 |  15335 |    928 |   1414 |  10076 |  15 | 1084.2 |
        Temple |     23 |      5 |     18 |      0 |      0 |   1 |   23.0 |
          Lair |   5324 |   4978 |    346 |    260 |   3051 |   5 | 1064.8 |
        Shoals |   1553 |   1511 |     42 |    255 |    732 |   2 |  776.5 |
   Spider Nest |   3260 |   3058 |    202 |    201 |   2219 |   3 | 1086.7 |
  Orcish Mines |   1736 |   1601 |    135 |     26 |    965 |   2 |  868.0 |
       Volcano |    312 |    312 |      0 |     48 |     41 |   1 |  312.0 |
               +--------+--------+--------+--------+--------+-----+--------+

Top non-repeatable levels by time:
     D:7: 1919 daAuts
     D:8: 1636 daAuts
     D:5: 1622 daAuts
Shoals:1: 1523 daAuts
    D:13: 1518 daAuts
  Lair:2: 1432 daAuts
Spider:1: 1413 daAuts
  Lair:5: 1343 daAuts
     D:2: 1273 daAuts
   Orc:2: 1254 daAuts
Spider:3: 1149 daAuts
     D:9: 1136 daAuts
  Lair:3: 1008 daAuts
    D:15: 957 daAuts
     D:3: 916 daAuts
